 Dungeon Crawl Stone Soup version 0.29.1-12-g30fa7ad0bf (webtiles) character file.

Game seed: 10776398396544586969

7184 GeoRichter the Basher (level 10, -14/69 HPs)
             Began as a Demonspawn Warper on Dec 20, 2022.
             Was a Priest of Hepliaklqana.
             Demolished by Snorg (18 damage)
             ... on level 10 of the Dungeon.
             The game lasted 00:32:26 (12900 turns).

GeoRichter the Basher (Demonspawn Warper)          Turns: 12900, Time: 00:32:26

Health: -14/69     AC: 10    Str: 11    XL:     10   Next: 86%
Magic:  8/18       EV: 13    Int: 19    God:    Hepliaklqana [***...]
Gold:   527        SH:  0    Dex: 15    Spells: 7/20 levels left

rFire   . . .      SeeInvis .   b - +9 rapier "Hijeihar" {vorpal, rPois rCorr}
rCold   + . .      Faith    .   (no shield)
rNeg    . . .      Spirit   .   E - +0 steam dragon scales
rPois   +          Reflect  .   i - +0 helmet
rElec   .          Harm     .   n - +1 cloak
rCorr   +          Rampage  .   (gloves unavailable)
Will    .....                   r - +0 pair of boots
Stlth   +++.......              v - amulet "Tiuqodu" {Acrobat rC+ Stlth+}
HPRegen 0.21/turn               (no ring)
MPRegen 0.32/turn               (no ring)

@: no status effects
A: reduced essence, claws 3, thin skeletal structure 1, powered by pain 2, magic
regeneration
a: Renounce Religion, Recall Ancestor, Ancestor Identity, Transference


You were on level 10 of the Dungeon.
You worshipped Hepliaklqana.
Hepliaklqana was most pleased with you.
You visited 1 branch of the dungeon, and saw 10 of its levels.

You collected 527 gold pieces.

Inventory:

Hand Weapons
 a - a +0 morningstar
   (You took it off an orc on level 3 of the Dungeon)
 b - the +9 rapier "Hijeihar" (weapon) {vorpal, rPois rCorr}
   (You took it off an orc wizard on level 9 of the Dungeon)

   It inflicts extra damage upon your enemies.
   rPois:     It protects you from poison.
   rCorr:     It protects you from acid and corrosion.
 J - a +0 dire flail
   (You took it off a wight on level 8 of the Dungeon)
Missiles
 d - 4 boomerangs of dispersal (quivered) {!f}
 x - 2 boomerangs
 K - 4 silver javelins
Armour
 i - a +0 helmet (worn)
   (You found it on level 1 of the Dungeon)
 l - a +0 kite shield
   (You found it on level 1 of the Dungeon)
 n - a +1 cloak (worn)
   (You found it on level 6 of the Dungeon)
 r - a +0 pair of boots (worn)
   (You found it on level 2 of the Dungeon)
 E - +0 steam dragon scales (worn)
   (You took it off Maggie on level 6 of the Dungeon)
 N - +0 acid dragon scales
   (You found it on level 9 of the Dungeon)
Magical Staves
 h - a staff of fire
   (You found it on level 1 of the Dungeon)
Jewellery
 v - the amulet "Tiuqodu" (around neck) {Acrobat rC+ Stlth+}
   (You found it on level 3 of the Dungeon)

   [amulet of the acrobat]

   It increases your evasion while moving and waiting.
   rC:        It protects you from cold.
   Stlth:     It makes you more stealthy.
 B - an amulet of guardian spirit
   (You found it on level 5 of the Dungeon)
Wands
 m - a wand of roots (6)
   (You found it on level 7 of the Dungeon)
 C - a wand of digging (5)
   (You found it on level 4 of the Dungeon)
 G - a wand of mindburst (4)
   (You found it on level 6 of the Dungeon)
 M - a wand of paralysis (4)
   (You found it on level 9 of the Dungeon)
Scrolls
 c - a scroll of blinking
 g - 2 scrolls of silence {unknown}
 j - 2 scrolls of poison {unknown}
 o - 2 scrolls of teleportation {@r4}
 t - 4 scrolls of fog
 w - 2 scrolls of magic mapping {unknown}
 y - a scroll of noise {unknown}
 z - 3 scrolls of enchant armour
 A - a scroll of enchant weapon {unknown}
 D - a scroll of vulnerability {unknown}
 O - 2 scrolls of acquirement {unknown}
Potions
 e - 3 potions of flight
 f - 2 potions of lignification {!q}
 k - a potion of mutation {unknown}
 p - 2 potions of attraction {!q}
 q - a potion of cancellation {unknown}
 s - a potion of resistance {unknown}
 F - 2 potions of berserk rage {unknown}
 H - 3 potions of curing {@q1}
 I - 2 potions of haste {unknown}
 L - a potion of magic {unknown}


   Skills:
 + Level 6.3 Fighting
 * Level 9.9 Maces & Flails
 - Level 0.8 Throwing
 + Level 3.3 Armour
 + Level 3.6 Dodging
 + Level 5.7 Spellcasting
 * Level 8.3 Translocations


You had 7 spell levels left.
You knew the following spells:

 Your Spells              Type           Power      Damage    Failure   Level
a - Blink                 Tloc           74%        N/A       1%          2
b - Teleport Other        Tloc           37%        N/A       1%          3
c - Gell's Gravitas       Tloc           37%        N/A       1%          3
d - Manifold Assault      Tloc           37%        N/A       11%         5

Your spell library contained the following spells:

 Spells                   Type           Power      Damage    Failure   Level
 Lesser Beckoning         Tloc           37%        N/A       1%          3
 Magic Dart               Conj           20%        1d4       12%         1
 Call Imp                 Summ           5%         N/A       17%         2
 Dazzling Flash           Conj/Hex       10%        N/A       34%         3
 Mephitic Cloud           Conj/Pois/Air  5%         N/A       34%         3
 Spider Form              Tmut/Pois      5%         N/A       34%         3
 Anguish                  Hex/Necr       2%         N/A       75%         4
 Animate Dead             Necr           5%         N/A       75%         4
 Corpse Rot               Necr/Pois/Air  5%         N/A       75%         4
 Agony                    Necr           5%         N/A       97%         5
 Silence                  Hex/Air        2%         N/A       97%         5


Dungeon Overview and Level Annotations

Branches:
Dungeon (10/15) Zot: 26841  Temple (0/1) D:5             Orc (0/2) D:9
   Lair: D:8-11

Altars:
Dithmenos
Hepliaklqana
Kikubaaqudgha
Makhleb
Nemelex Xobeh
Okawaru
Qazlal
Ru
Uskayaw
Wu Jian
Xom

Annotations:
D:2 Sigmund
D:4 exclusion: ogre
D:10 Snorg


Innate Abilities, Weirdness & Mutations

Your life essence is reduced to manifest your ancestor. (-10% HP)
You have claws for hands.
You have a somewhat thin skeletal structure. (Dex +2, Stealth+)
You sometimes gain power by taking damage.
You regenerate magic rapidly.


Message History

* * * LOW HITPOINT WARNING * * *
Snorg claws you but does no damage.
Dusana barely misses Snorg.
The steam dragon closely misses you. The steam dragon misses you.
Snorg bites you!
* * * LOW HITPOINT WARNING * * *
Snorg claws you!
* * * LOW HITPOINT WARNING * * *
Snorg claws you but does no damage.
You feel much better. Snorg bites you but does no damage.
Snorg barely misses you. Snorg claws you but does no damage.
Dusana barely misses Snorg.
The steam dragon breathes steam at you. The ball of steam hits you. You resist.
* * * LOW HITPOINT WARNING * * *
Snorg attacks as you move away! Snorg bites you!
* * * LOW HITPOINT WARNING * * *
Snorg claws you but does no damage. Snorg claws you!
* * * LOW HITPOINT WARNING * * *
Snorg bites Dusana!!
Snorg claws Dusana!
Dusana is destroyed!
Blink to where?
As you read the scroll of blinking, it crumbles to dust.
The roots erupt in riotous growth!
Roots grab the steam dragon.
The grasping roots constrict the steam dragon.
You hear an angry buzzing noise. x3; You hear a shout!
You hear an angry buzzing noise.
The steam dragon struggles to escape constriction.
Aim: Snorg (almost dead, berserk)
The roots erupt in riotous growth!
Roots grab Snorg.
The steam dragon is unaffected.
The grasping roots constrict Snorg.
The grasping roots constrict the steam dragon.
You hear an angry buzzing noise.
The roots release their grip on the steam dragon.
Snorg struggles to escape constriction.
Aim: Snorg (almost dead, berserk, constricted by roots, chance to affect: 29%) Snorg easily resists.
The grasping roots constrict Snorg.
Snorg struggles to escape constriction.
Snorg rages.
Snorg escapes!
Space momentarily warps into an impossible shape!
You barely miss Snorg. You hit the steam dragon.
There are monsters nearby!
Space momentarily warps into an impossible shape!
You barely miss the steam dragon. You puncture Snorg! Snorg bites you!
* * * LOW HITPOINT WARNING * * *
Snorg claws you but does no damage. Snorg claws you!!
You die...

#.. #.... #.# #
.###.... #.# .
.. ..... #.# .
#. ...# #.#####
..## #.....#
#..# #####.#
#..# #.#
#ยง.##########.#
#......DT@....#
#......########
#..>...#
###+####


You could see Snorg (berserk) and a steam dragon.

Vanquished Creatures
  A two-headed ogre (D:6)
  A hornet (D:9)
  4 yaks (D:9)
  An acid dragon (D:9)
  An orc warrior (D:9)
  An ice beast (D:7)
  A black bear (D:5)
  3 ogres
  A centaur (D:5)
  A phantom (D:4)
  2 lemures (D:4)
  2 scorpions
  2 wights (D:9)
  A killer bee (D:9)
  2 hounds
  A jelly (D:3)
  2 orc priests
  2 orc wizards
  Robin (D:3)
  5 adders
  An ufetubus (D:3)
  3 worms
  15 orcs
  6 ball pythons
  2 endoplasms
  4 giant cockroaches
  20 goblins
  8 hobgoblins
  8 jackals
  5 quokkas
  3 bats (D:3)
  3 frilled lizards
  10 kobolds
  4 rats
127 creatures vanquished.

Vanquished Creatures (collateral kills)
  A two-headed ogre (D:9)
  Pikel (D:4)
  Maggie (D:6)
  A shadow (D:9)
  A wraith (D:10)
  A steam dragon (D:6)
  Eustachio (D:6)
  2 yaks (D:9)
  A warg (D:9)
  2 water moccasins
  2 orc warriors
  2 ice beasts (D:7)
  2 centaurs
  A kobold brigand (D:9)
  A phantom (D:7)
  Blork the orc (D:6)
  A bullfrog (D:7)
  A scorpion (D:6)
  2 necrophages
  6 wights
  5 killer bees (D:9)
  A howler monkey (D:8)
  3 orc priests
  A hound (D:5)
  2 jellies
  A gnoll bouda (D:7)
  3 orc wizards
  3 gnolls (D:7)
  An adder (D:6)
  3 shadow imps
  5 orcs
  2 jackals (D:5)
  6 kobolds (D:9)
67 creatures vanquished.

Vanquished Creatures (others)
  A scorpion (D:6)
  3 battlemagi
  3 ancestors
  2 plants (D:10)
9 creatures vanquished.

Grand Total: 203 creatures vanquished

Notes
Turn   | Place    | Note
-------+----------+-------------------------------------------
     0 | D:1      | GeoRichter the Demonspawn Warper began the quest for the
                  | Orb.
     0 | D:1      | Reached XP level 1. HP: 16/16 MP: 3/3
    98 | D:1      | Reached skill level 2 in Maces & Flails
   506 | D:1      | Gained mutation: You have a somewhat thin skeletal
                  | structure. (Dex +2, Stealth+) [demonic ancestry]
   506 | D:1      | Reached XP level 2. HP: 20/22 MP: 5/5
   672 | D:1      | Found a faded altar of an unknown god.
  1144 | D:2      | Reached skill level 3 in Maces & Flails
  1348 | D:2      | Reached XP level 3. HP: 23/27 MP: 6/6
  1747 | D:2      | Noticed Sigmund
  2192 | D:2      | Learned a level 2 spell: Blink
  2772 | D:3      | Gained mutation: You sometimes gain a little power by
                  | taking damage. [demonic ancestry]
  2772 | D:3      | Reached XP level 4. HP: 11/33 MP: 7/7
  2775 | D:3      | Reached skill level 4 in Maces & Flails
  3103 | D:3      | Found a sparkling altar of Nemelex Xobeh.
  3104 | D:3      | Found an iron altar of Okawaru.
  3105 | D:3      | Found a shadowy altar of Dithmenos.
  3106 | D:3      | Found an ornate altar of the Wu Jian Council.
  3106 | D:3      | Found an ancient bone altar of Kikubaaqudgha.
  3106 | D:3      | Found a hazy altar of Hepliaklqana.
  3129 | D:3      | Found a hide-covered altar of Uskayaw.
  3160 | D:3      | Became a worshipper of Hepliaklqana the Forgotten
  3559 | D:3      | Identified the amulet "Tiuqodu" {Acrobat rC+ Stlth+}
  3696 | D:3      | Noticed Robin
  3850 | D:3      | Killed Robin
  4392 | D:4      | Noticed an ogre
  4400 | D:3      | Gained mutation: You have sharp fingernails. [demonic
                  | ancestry]
  4400 | D:3      | Reached XP level 5. HP: 29/38 MP: 8/8
  4477 | D:4      | Killed an ogre
  4478 | D:4      | Reached skill level 5 in Maces & Flails
  4663 | D:4      | Noticed an ogre
  4949 | D:4      | Reached skill level 6 in Maces & Flails
  4949 | D:4      | Gained mutation: You sometimes gain power by taking damage.
                  | [demonic ancestry]
  4949 | D:4      | Reached XP level 6. HP: 22/44 MP: 9/9
  5281 | D:4      | Reached * piety under Hepliaklqana
  5678 | D:4      | Noticed Pikel
  5925 | D:5      | Entered Level 5 of the Dungeon
  6135 | D:5      | HP: 1/41 [centaur (2)]
  6137 | D:5      | Gained mutation: You regenerate magic rapidly. [demonic
                  | ancestry]
  6137 | D:5      | Reached XP level 7. HP: 1/45 MP: 10/10
  6789 | D:5      | HP: 1/45 [poisoned by a water moccasin]
  7059 | D:5      | Found a staircase to the Ecumenical Temple.
  7649 | D:5      | Found a shimmering altar of Xom.
  7941 | D:4      | Killed Pikel
  7942 | D:4      | Reached skill level 7 in Maces & Flails
  7942 | D:4      | Reached skill level 5 in Translocations
  7942 | D:4      | Gained mutation: You have very sharp fingernails. [demonic
                  | ancestry]
  7942 | D:4      | Reached XP level 8. HP: 48/54 MP: 11/13
  8012 | D:6      | Noticed Blork the orc
  8012 | D:6      | Noticed a two-headed ogre
  8012 | D:6      | Reached ** piety under Hepliaklqana
  8015 | D:5      | Remembered your ancestor Dusana as a battlemage
  8313 | D:6      | Killed Blork the orc
  8348 | D:6      | Noticed Eustachio
  8427 | D:5      | Reached skill level 8 in Maces & Flails
  8549 | D:6      | Reached XP level 9. HP: 59/59 MP: 15/15
  8553 | D:6      | Learned a level 3 spell: Teleport Other
  8557 | D:6      | Learned a level 3 spell: Gell's Gravitas
  8572 | D:6      | Noticed Maggie
  8576 | D:6      | Killed Eustachio
  8764 | D:6      | Killed a two-headed ogre
  8851 | D:6      | Learned a level 5 spell: Manifold Assault
  8860 | D:6      | Reached skill level 5 in Fighting
  8891 | D:6      | Killed Maggie
  9252 | D:7      | Reached skill level 1 in Armour
  9765 | D:7      | Reached skill level 9 in Maces & Flails
 10169 | D:8      | Reached skill level 5 in Spellcasting
 10192 | D:8      | Reached *** piety under Hepliaklqana
 10316 | D:8      | Found a sacrificial altar of Ru.
 10530 | D:8      | Found a burning altar of Makhleb.
 10692 | D:8      | Gained mutation: You have claws for hands. [demonic
                  | ancestry]
 10692 | D:8      | Reached XP level 10. HP: 62/66 MP: 13/17
 10787 | D:8      | Found a stormy altar of Qazlal.
 11589 | D:9      | Found a staircase to the Orcish Mines.
 11591 | D:9      | Noticed a two-headed ogre
 12311 | D:9      | Identified the +9 rapier "Hijeihar" {vorpal, rPois rCorr}
 12341 | D:9      | Killed a two-headed ogre
 12504 | D:9      | Got the Octavo of Maleficent Rites and Poisoning
 12744 | D:10     | Entered Level 10 of the Dungeon
 12884 | D:10     | Noticed Snorg
 12900 | D:10     | Demolished by Snorg

Illustrated notes

Levels and vault maps discovered:
D:1:      dpeg_arrival_round_a, layout_loops_ring, ebering_ecumenical_altar_hall
D:2:      layout_basic, basic_altar, st_stairs_9, nrook_campfire, uniq_sigmund
D:3:      kennysheep_goblin_castle, layout_basic, grunt_temple_overflow_open
D:4:      layout_cave_pods, uniq_pikel
D:5:      layout_loops_cross, marbit_many_paths,
          minmay_temple_entry_proselytizer, corner_web_ring
D:6:      layout_basic, uniq_maggie, uniq_blork_the_orc, uniq_eustachio
D:7:      layout_basic
D:8:      layout_basic, nicolae_qazlal_scattered_showers, bloody_makhleb,
          mainiacjoe_overflow_cross_hatched
D:9:      layout_long_grid, david_orc_3
D:10:     minmay_curly_fans, layout_basic, amcnicky_altar_gilded,
          dpeg_oklobed_lair, uniq_nergalle, uniq_snorg, uniq_erolcha

Skill      XL: |  1  2  3  4  5  6  7  8  9 10 |
---------------+-------------------------------+-----
Maces & Flails | 2 3 4 6 7 8 9 |  9.9
Translocations | 3 5 7 8 |  8.3
Fighting       | 3 4 5 6 |  6.3
Spellcasting   | 3 4 5 |  5.7
Armour         | 1 3 |  3.3
Dodging        | 2 3 |  3.6
Throwing       | |  0.8

Action                   |  1- 3 |  4- 6 |  7- 9 | 10-12 || total
-------------------------+-------+-------+-------+-------++-------
Melee: Mace              |   182 |     3 |       |       ||   185
       Punch             |     1 |     1 |     2 |     1 ||     5
       Morningstar       |       |   159 |   184 |    98 ||   441
       Rapier            |       |       |       |    18 ||    18
Throw: Boomerang         |     3 |       |       |       ||     3
 Cast: Gell's Gravitas   |       |       |     4 |     1 ||     5
       Manifold Assault  |       |       |     3 |    11 ||    14
       Teleport Other    |       |       |     1 |       ||     1
       Blink             |       |       |     1 |       ||     1
Invok: Recall Ancestor   |       |     1 |     7 |       ||     8
       Ancestor Life: Ba |       |       |     1 |       ||     1
Evoke: Wand              |       |       |     9 |     9 ||    18
  Use: Potion            |       |       |     4 |     2 ||     6
       Scroll            |       |       |     6 |     4 ||    10
 Stab: Sleeping          |     6 |     5 |     5 |     3 ||    19
       Distracted        |       |       |     2 |     3 ||     5
Armor: Leather armour    |    14 |       |    41 |       ||    55
       Ring mail         |    42 |    81 |    13 |       ||   136
       Scale mail        |    14 |       |       |       ||    14
       Steam dragon scal |       |       |    18 |    33 ||    51
Dodge: Dodged            |   114 |   118 |   135 |    65 ||   432
Block: Kite shield       |     8 |    46 |       |       ||    54
